 Dungeon Crawl Stone Soup version 0.30-a0-613-gdd512c7efb (webtiles) character file.

Game seed: 6153522597473263137

9156 OTABOTABOTAB the Eclecticist (level 11, -10/54 HPs)
             Began as a Deep Elf Conjurer on Jan 8, 2023.
             Mangled by Harold
             ... wielding a +0 great sword
              (21 damage)
             ... on level 10 of the Dungeon.
             The game lasted 00:23:54 (10719 turns).

OTABOTABOTAB the Eclecticist (Deep Elf Conjurer)   Turns: 10719, Time: 00:23:55

Health: -10/54     AC:  8    Str:  4    XL:     11   Next: 19%
Magic:  23/41      EV: 12    Int: 38    God:
Gold:   719        SH:  0    Dex: 13    Spells: 30/41 levels left

rFire   . . .      SeeInvis .    b - staff of conjuration
rCold   . . .      Faith    .    (no shield)
rNeg    + . .      Spirit   .    r - +1 robe {Will+}
rPois   .          Reflect  .    e - +0 helmet
rElec   .          Harm     .    t - scarf {repulsion}
rCorr   .          Rampage  .    g - +0 pair of gloves
Will    ++...                    I - +2 pair of boots
Stlth   ++                       (no amulet)
HPRegen 0.29/turn                x - ring of Welur {rN+ Int+10 Slay-2}
MPRegen 0.27/turn                u - ring of magical power {MP+9}

@: studying Ice Magic, repel missiles
A: no striking features
a: no special abilities


You were on level 10 of the Dungeon.
You visited 2 branches of the dungeon, and saw 11 of its levels.
You also visited: Sewer.

You collected 809 gold pieces.
You spent 90 gold pieces at shops.

Inventory:

Missiles
 c - 6 throwing nets {!d}
 l - 6 atropa-tipped darts
 n - 12 poisoned darts
 s - 92 stones
 y - a boomerang
Armour
 e - a +0 helmet (worn)
   (You found it on level 1 of the Dungeon)
 g - a +0 pair of gloves (worn)
   (You found it on level 4 of the Dungeon)
 r - a +1 robe of willpower (worn)
   (You took it off Pikel on level 6 of the Dungeon)
 t - a scarf of repulsion (worn)
   (You found it on level 7 of the Dungeon)
 I - a +2 pair of boots (worn)
   (You found it on level 7 of the Dungeon)
Magical Staves
 b - a staff of conjuration (weapon)
   (You found it on level 5 of the Dungeon)
Jewellery
 k - a ring of poison resistance {rPois, !d}
   (You took it off Blork the orc on level 6 of the Dungeon)
 o - a ring of flight {+Fly, !d}
   (You found it on level 3 of the Dungeon)
 u - a ring of magical power (right hand) {MP+9}
   (You found it on level 3 of the Dungeon)
 x - the ring of Welur (left hand) {rN+ Int+10 Slay-2}
   (You took it off a gnoll on level 7 of the Dungeon)

   [ring of positive energy]

   Int:       It affects your intelligence (+10).
   Slay:      It affects your accuracy & damage with ranged weapons and melee
   (-2).
   rN:        It protects you from negative energy.
 A - an amulet of guardian spirit
   (You took it off a yaktaur on level 9 of the Dungeon)
 W - a ring of willpower
   (You found it on level 7 of the Dungeon)
 X - a ring of resist corrosion
   (You found it on level 4 of the Dungeon)
Wands
 j - a wand of polymorph (19)
   (You found it on level 2 of the Dungeon)
 q - a wand of flame (17)
   (You took it off Blork the orc on level 6 of the Dungeon)
 B - a wand of quicksilver (8)
   (You found it on level 4 of the Dungeon)
Scrolls
 d - a scroll of fog
 m - a scroll of poison {!r}
 p - a scroll of enchant armour {unknown}
 w - 2 scrolls of enchant weapon {unknown}
 C - a scroll of brand weapon {unknown}
 D - 4 scrolls of blinking {!r}
 E - 2 scrolls of fear
 F - 2 scrolls of identify {@r1}
 H - a scroll of amnesia
 K - 3 scrolls of immolation {!r}
 O - a scroll of silence
 Y - 2 scrolls of teleportation {@r3}
Potions
 f - 3 potions of attraction {!q}
 h - 4 potions of might {unknown}
 z - a potion of brilliance {unknown}
 G - 4 potions of ambrosia {!q}
 J - 2 potions of curing {@q1}
 L - 6 potions of flight
 P - a potion of lignification {!q}
Miscellaneous
 v - a lightning rod (4/4)
   (You found it on level 9 of the Dungeon)


   Skills:
 - Level 2.4 Dodging
 - Level 2.4 Stealth
 + Level 15.6 Spellcasting
 + Level 13.7 Conjurations
 - Level 3.0 Hexes
 - Level 3.0 Translocations
 - Level 1.7 Transmutations


You had 30 spell levels left.
You knew the following spells:

 Your Spells              Type           Power      Damage    Failure   Level
a - Magic Dart            Conj           100%       1d8       0%          1
b - Searing Ray           Conj           100%       2d8       0%          2
c - Fulminant Prism       Conj/Hex       48%        3d21      1%          4
x - Iskenderun's Mystic   Conj/Tloc      96%        2d19      1%          4

Your spell library contained the following spells:

 Spells                   Type           Power      Damage    Failure   Level
 Sublimation of Blood     Necr           29%        N/A       1%          2
 Wereblood                Tmut           42%        N/A       1%          2
 Dazzling Flash           Conj/Hex       100%       N/A       1%          3
 Summon Guardian Golem    Hex/Summ       41%        N/A       1%          3
 Tukima's Dance           Hex            51%        N/A       1%          3
 Sticky Flame             Conj/Fire      89%        2d10      1%          4
 Ignite Poison            Fire/Tmut/Pois 34%        N/A       2%          3
 Passage of Golubria      Tloc           51%        N/A       3%          4
 Orb of Destruction       Conj           58%        9d14      3%          7
 Yara's Violent Unravell  Hex/Tmut       23%        3d10      12%         5
 Spellforged Servitor     Conj/Summ      44%        N/A       50%         7
 Summon Hydra             Summ           14%        N/A       100%        7
 Ignition                 Fire           14%        3d6       100%        8


Dungeon Overview and Level Annotations

Branches:
Dungeon (10/15)            Temple (1/1) D:6           Sewer (visited)
   Lair: D:8-11         Orc: D:9-12

Altars:
Ashenzari
Cheibriados
Dithmenos
Elyvilon
Fedhas
Gozag
Hepliaklqana
Kikubaaqudgha
Makhleb
Nemelex Xobeh
Okawaru
Ru
Sif Muna
Trog
Wu Jian
Xom
Yredelemnul
Zin
The Shining One

Annotations:
D:9 2 transporters, Darkkill's ghost, journeyman MiHu
D:10 Harold


Message History

[Y]es or [N]o only, please.
Keep equipping yourself? [Y]es or [N]o only, please.
Keep equipping yourself? [Y]es or [N]o only, please.
Keep equipping yourself? [Y]es or [N]o only, please.
Keep equipping yourself? [Y]es or [N]o only, please.
Keep equipping yourself? [Y]es or [N]o only, please.
Keep equipping yourself?
You stop putting on your armour.
You take 5 damage, and have 40/54 hp.
You regained 2 mp, and now have 36/41 mp.
Unknown command.
Unknown command.
Unknown command.
You feel a surge of power!
You erupt in a blast of force!
The mystic blast hits the yak!
The yak is knocked back by the mystic blast.
You hear a shout!
You now have 32/41 mp.
You climb upwards.
Level annotation: 2 transporters, Darkkill's ghost, journeyman MiHu
There is a stone staircase leading down here.
You start resting.
Health restored: 54; MP restored: 41 You start putting on your armour.
You continue putting on your +2 pair of boots. x4
You finish putting on your +2 pair of boots.
You drop a +0 robe.
You drop a +0 pair of boots.
You're wearing all the rings you can.
Remove which one? (? for menu, Esc to cancel) < or
k - a ring of poison resistance {rPois, !d} > or
u - a ring of magical power {MP+9} You remove your ring of poison resistance {rPois, !d}.
You feel clever.
x - the ring of Welur (left hand) {rN+ Int+10 Slay-2}
Okay, then.
Unknown command.
There is a stone staircase leading down here.
You climb downwards.
Level annotation: Harold
There is a stone staircase leading up here.
The yak bellows!
You feel a surge of power!
You conjure a prism of explosive energy!
A fulminant prism comes into view.
You now have 37/41 mp.
The yak gores your fulminant prism!
Your fulminant prism crackles loudly.
The blast of energy engulfs the yak!!
The blast of energy engulfs the yak!!!
Aim: a yak (almost dead, 90% to hit)
You feel a surge of power!
The searing ray hits the yak. x2
You kill the yak! (Press . to maintain the ray.)
You now have 36/41 mp.
The searing ray hits the yak but does no damage.
You now have 35/41 mp.
Restarting spell: Searing Ray (safe; 0% risk of failure)
Aim: a yak (almost dead, 90% to hit)
You feel a surge of power!
The searing ray hits the yak!
You kill the yak! (Press . to maintain the ray.)
You now have 33/41 mp.
Harold throws a throwing net.
The throwing net completely misses you.
You feel a surge of power!
You conjure a prism of explosive energy!
A fulminant prism comes into view.
Harold fires a harpoon shot at you.
The harpoon shot hits your fulminant prism!
You now have 29/41 mp.
Your fulminant prism crackles loudly.
Harold throws a throwing net.
The throwing net hits your fulminant prism.
The net is caught on your fulminant prism!
The blast of energy engulfs Harold!!
You hear an angry buzzing noise. x2
You feel a surge of power!
You conjure a prism of explosive energy!
A fulminant prism comes into view.
You now have 26/41 mp.
Your fulminant prism crackles loudly.
Harold fires a harpoon shot at you. The harpoon shot hits you!
You are yanked forward by the harpoon shot.
The blast of energy engulfs Harold!
The blast of energy engulfs you!!
Ouch! That really hurt!
* * * LOW HITPOINT WARNING * * *
You take 44 damage, and have 10/54 hp.
MASSIVE DAMAGE!!
You feel much better.
Harold considers, "I think I'll use your bounty to get a nice plot of land..."
Harold hits you with a +0 great sword!
* * * LOW HITPOINT WARNING * * *
You feel a surge of power!
You erupt in a blast of force!
The mystic blast hits Harold!!
Harold hits you with a +0 great sword!!
You die...

......#Y#...........#...
......#.#.........### ..
..♣................. .
.$P ...............# .P
.........<...... .
...#............
♣......(........
#...@.......
#...@.......
###......... ###........
#..(.......
#########<...#.....
..................#
#########..........
#....###### #....#


You could see Harold.

Vanquished Creatures
  Pikel (D:6)
  The ghost of bjtr the Geomancer, a novice GrEE of Vehumet (D:7)
  An ugly thing (D:9)
  A cyclops (D:9)
  A manticore (D:9)
  A yaktaur (D:9)
  An efreet (D:9)
  A troll (D:10)
  A hornet (D:7)
  Sigmund (D:6)
  3 basilisks
  3 wyverns (D:10)
  6 yaks
  A steam dragon (D:8)
  A vampire mosquito (D:10)
  Menkaure (D:6)
  5 water moccasins
  An ice beast (D:8)
  A sky beast (D:7)
  2 black bears
  3 ogres
  4 lemures (D:6)
  A centaur (D:7)
  2 phantoms
  Blork the orc (D:6)
  2 bullfrogs (D:9)
  2 scorpions
  3 gnoll sergeants (D:7)
  14 wights
  6 killer bees
  4 howler monkeys
  7 hounds
  3 orc priests
  A gnoll bouda (D:7)
  A jelly (D:8)
  3 iguanas
  4 orc wizards
  A merfolk siren (Sewer)
  A merfolk avatar (Sewer)
  15 gnolls
  9 adders
  2 river rats (Sewer)
  A shadow imp (D:7)
  An ufetubus (D:5)
  2 worms (D:6)
  2 dart slugs
  24 orcs
  13 ball pythons
  5 bats
  7 endoplasms
  5 giant cockroaches
  5 goblins
  6 hobgoblins
  2 jackals (D:4)
  6 kobolds
  5 quokkas
  9 frilled lizards
  26 rats
242 creatures vanquished.

Vanquished Creatures (others)
  A human (D:3)
  41 fulminant prisms
  7 fungi
  19 plants
68 creatures vanquished.

Grand Total: 310 creatures vanquished

Notes
Turn   | Place    | Note
-------+----------+-------------------------------------------
     0 | D:1      | OTABOTABOTAB the Deep Elf Conjurer began the quest for the
                  | Orb.
     0 | D:1      | Reached XP level 1. HP: 10/10 MP: 6/6
   302 | D:1      | Reached XP level 2. HP: 15/15 MP: 5/8
   305 | D:1      | Learned a level 2 spell: Searing Ray
   982 | D:1      | Found a faded altar of an unknown god.
  1168 | D:2      | Reached skill level 1 in Hexes
  1168 | D:2      | Reached XP level 3. HP: 16/19 MP: 2/10
  1359 | D:2      | Reached skill level 4 in Spellcasting
  1444 | D:2      | Reached skill level 1 in Transmutations
  1566 | D:2      | Reached skill level 5 in Conjurations
  2009 | D:3      | Reached XP level 4. HP: 24/24 MP: 10/12
  2112 | D:3      | Found an ancient bone altar of Kikubaaqudgha.
  2112 | D:3      | Noticed a human
  2116 | D:3      | Killed a human
  2123 | D:3      | Found a white marble altar of Elyvilon.
  2197 | D:3      | Reached skill level 2 in Hexes
  2356 | D:3      | Identified the +4 trident "Foskal" {drain, rPois Str+3}
  2426 | D:3      | Found a sacrificial altar of Ru.
  2782 | D:3      | Learned a level 4 spell: Fulminant Prism
  2787 | D:3      | Learned a level 4 spell: Iskenderun's Mystic Blast
  2789 | D:4      | HP: 5/24 [dart slug/slug dart (5)]
  2791 | D:3      | HP: 2/24 [gnoll/+0 flail (4)]
  2794 | D:3      | Reached XP level 5. HP: 2/28 MP: 9/13
  3072 | D:4      | Reached skill level 1 in Translocations
  3268 | D:4      | Reached skill level 5 in Spellcasting
  3268 | D:4      | Reached skill level 3 in Hexes
  3363 | D:4      | Noticed a black bear
  3367 | D:4      | Killed a black bear
  3368 | D:4      | Reached skill level 2 in Translocations
  3368 | D:4      | Reached XP level 6. HP: 14/32 MP: 16/16
  3549 | D:4      | Reached skill level 6 in Conjurations
  3721 | D:4      | Found Zin's Purification Station.
  3721 | D:4      | Found a glowing silver altar of Zin.
  3727 | D:4      | Reached skill level 3 in Translocations
  3734 | D:4      | Reached skill level 6 in Spellcasting
  3845 | D:4      | Bought a potion of curing for 90 gold pieces
  4090 | D:5      | Entered Level 5 of the Dungeon
  4122 | D:5      | Reached XP level 7. HP: 36/36 MP: 18/18
  4258 | D:5      | Found a shimmering blue altar of Sif Muna.
  4532 | D:5      | Found a shimmering altar of Xom.
  4553 | D:5      | Reached skill level 7 in Spellcasting
  4553 | D:5      | Reached skill level 7 in Conjurations
  5027 | D:6      | Reached skill level 8 in Spellcasting
  5156 | D:6      | Noticed Menkaure
  5164 | D:6      | Killed Menkaure
  5165 | D:6      | Reached skill level 8 in Conjurations
  5165 | D:6      | Reached XP level 8. HP: 22/41 MP: 19/22
  5228 | D:6      | Noticed Blork the orc
  5232 | D:6      | Killed Blork the orc
  5328 | D:6      | Found a glowing drain.
  5343 | D:6      | Reached skill level 9 in Spellcasting
  5352 | Sewer    | Entered a sewer
  5966 | D:6      | Noticed Pikel
  5970 | D:6      | Noticed Sigmund
  5975 | D:6      | Killed Pikel
  5976 | D:6      | Reached skill level 10 in Spellcasting
  5976 | D:6      | Reached skill level 9 in Conjurations
  5978 | D:6      | Killed Sigmund
  5979 | D:6      | Reached XP level 9. HP: 45/45 MP: 0/25
  6006 | D:6      | Found a blossoming altar of Fedhas.
  6470 | D:6      | Found a staircase to the Ecumenical Temple.
  6479 | Temple   | Entered the Ecumenical Temple
  6544 | D:6      | Found an ornate altar of the Wu Jian Council.
  6832 | D:7      | Reached skill level 11 in Spellcasting
  6832 | D:7      | Reached skill level 10 in Conjurations
  7514 | D:7      | Identified the ring of Welur {rN+ Int+10 Slay-2}
  7570 | D:7      | Noticed bjtr's ghost (novice GrEE)
  7663 | D:7      | Found a transporter.
  7675 | D:7      | Found a transporter.
  7774 | D:7      | Killed bjtr's ghost
  7775 | D:7      | Reached skill level 12 in Spellcasting
  7775 | D:7      | Reached skill level 11 in Conjurations
  7775 | D:7      | HP: 6/45 [gnoll sergeant/+2 vampiric trident (8)]
  7776 | D:7      | HP: 2/45 [gnoll sergeant/+2 vampiric trident (4)]
  8295 | D:8      | Reached XP level 10. HP: 50/50 MP: 21/28
  8338 | D:8      | Reached skill level 13 in Spellcasting
  8922 | D:8      | Found a broken altar of Ashenzari.
  9270 | D:9      | Reached skill level 12 in Conjurations
  9360 | D:9      | Noticed Darkkill's ghost (journeyman MiHu)
  9398 | D:9      | Found a transporter.
  9403 | D:9      | Found a transporter.
  9530 | D:9      | Found a snail-covered altar of Cheibriados.
  9610 | D:9      | Noticed a brown ugly thing
  9610 | D:9      | Noticed a manticore
  9615 | D:9      | Killed a brown ugly thing
  9619 | D:9      | Killed a manticore
  9620 | D:9      | Reached skill level 14 in Spellcasting
  9784 | D:9      | Noticed a cyclops
  9796 | D:9      | Killed a cyclops
  9797 | D:9      | Reached skill level 13 in Conjurations
 10048 | D:10     | Entered Level 10 of the Dungeon
 10068 | D:10     | Reached skill level 15 in Spellcasting
 10073 | D:10     | Reached XP level 11. HP: 54/54 MP: 5/32
 10247 | D:10     | Noticed Harold
 10717 | D:10     | HP: 10/54 [spore (31)]
 10719 | D:10     | Mangled by Harold

Illustrated notes

Levels and vault maps discovered:
D:1:      dpeg_arrival_water_temple_mockup, layout_loops_ring,
          hellmonk_ecumenical_altar_defaced_shrine
D:2:      minmay_wonky_spiral, layout_basic
D:3:      layout_rooms, mainiacjoe_overflow_tiny_flanked,
          nicolae_ru_the_path_less_chosen, tgw_kikubaaqudgha, st_stairs_5
D:4:      layout_basic, zin_purify
D:5:      layout_basic, kennysheep_mini, amcnicky_altar_gilded, serial_aquarium,
          aquarium_bridge_straight [aquarium_subvault_bridge,
          aquarium_subvault_wall, aquarium_subvault_bridge,
          aquarium_subvault_window], aquarium_window_2, aquarium_window_3,
          aquarium_view_2c, aquarium_view_2g, aquarium_balcony_3a,
          aquarium_pool_2
D:6:      layout_rooms, fedhas_altar_1, mainiacjoe_overflow_paths,
          minmay_temple_entry_statues_fountains, cheibrodos_sewer_entry_sluice,
          uniq_sigmund, uniq_menkaure, uniq_blork_the_orc, uniq_pikel
D:7:      layout_cave_pods, gammafunk_ghost_gnarly_gnolls
D:8:      layout_rooms, overflow_temple_1_default
D:9:      minmay_shrinking_squares, layout_basic, mainiacjoe_overflow_brackets,
          gammafunk_ghost_hive
D:10:     layout_rooms, nicolae_vehumet_altar_sigil, general_overflow_altar,
          mainiacjoe_overflow_chevrons, minmay_lair_entry_grove, uniq_harold
Temple:   nicolae_temple_cloud_nine

Skill      XL: |  1  2  3  4  5  6  7  8  9 10 |
---------------+-------------------------------+-----
Hexes          | 1 2 3 |  3.0
Spellcasting   | 4 5 6 8 10 12 15 | 15.6
Transmutations | 1 |  1.7
Conjurations   | 5 6 8 9 11 13 | 13.7
Translocations | 2 3 |  3.0
Dodging        | |  2.4
Stealth        | |  2.4

Action                   |  1- 3 |  4- 6 |  7- 9 | 10-12 || total
-------------------------+-------+-------+-------+-------++-------
Melee: Unarmed           |     5 |       |       |       ||     5
       Dagger            |     5 |     3 |       |       ||     8
       Staff             |       |       |     3 |       ||     3
Throw: Stone             |     3 |       |       |       ||     3
 Cast: Magic Dart        |    67 |    76 |   105 |    24 ||   272
       Searing Ray       |     2 |    10 |    34 |    15 ||    61
       Iskenderun's Myst |       |     3 |    35 |    33 ||    71
       Fulminant Prism   |       |     1 |    15 |    25 ||    41
  Use: Scroll            |       |    11 |     3 |     3 ||    17
       Potion            |       |       |     4 |     2 ||     6
Armor: Robe              |     6 |     5 |    16 |     8 ||    35
Dodge: Dodged            |    18 |    19 |    30 |    29 ||    96
       Repelled          |       |       |       |     4 ||     4

Table legend: (Time is in decaauts)
 A = Elapsed time spent in this place.
 B = Non-inter-level travel time spent in this place.
 C = Inter-level travel time spent in this place.
 D = Time resting spent in this place.
 E = Time spent auto-exploring this place.
 F = Levels seen in this place.
 G = Mean time per level.
                   A        B        C        D        E       F      G
               +--------+--------+--------+--------+--------+-----+--------+
         Total |  10718 |  10066 |    652 |   2067 |   6768 |  12 |  893.2 |
       Dungeon |  10067 |   9422 |    645 |   1987 |   6314 |  10 | 1006.7 |
        Temple |     46 |     39 |      7 |      0 |     38 |   1 |   46.0 |
         Sewer |    604 |    604 |      0 |     80 |    416 |   1 |  604.0 |
               +--------+--------+--------+--------+--------+-----+--------+

Top non-repeatable levels by time:
     D:9: 1568 daAuts
     D:7: 1317 daAuts
     D:1: 1106 daAuts
     D:5: 1102 daAuts
     D:3: 1090 daAuts
     D:4: 1036 daAuts
     D:8: 1008 daAuts
     D:6: 879 daAuts
     D:2: 853 daAuts
   Sewer: 604 daAuts
    D:10: 104 daAuts
  Temple: 46 daAuts

Table legend:
 A = Kills in this place as a percentage of kills in entire the game.
 B = Kills by you in this place as a percentage of kills by you in the entire game.
 C = Kills by friends in this place as a percentage of kills by friends in the entire game.
 D = Other kills in this place as a percentage of other kills in the entire game.
 E = Experience gained in this place as a percentage of experience gained in the entire game.
 F = Experience gained in this place divided by the number of levels of this place that you have seen.
                   A       B       C       D       E      F
               +-------+-------+-------+-------+-------+----------------------
         Total | 100.0 | 100.0 |   N/A |   N/A | 100.0 | 1090.1
       Dungeon |  85.3 |  85.3 |   N/A |   N/A |  98.8 | 1291.9
         Sewer |  14.7 |  14.7 |   N/A |   N/A |   1.2 | 162.0
               +-------+-------+-------+-------+-------+----------------------
